 Dungeon Crawl Stone Soup version 0.18.1-48-g4cf74bf (webtiles) character file.

86 Larett the Covert (level 4, -1/22 HPs)
             Began as a Spriggan Assassin on July 20, 2016.
             Shot with an arrow by a centaur (3 damage)
             ... on level 3 of the Dungeon.
             The game lasted 00:05:54 (3534 turns).

Larett the Covert (Spriggan Assassin)               Turns: 3534, Time: 00:05:55

Health: -1/22      AC:  6    Str:  7    XL:     4   Next: 27%
Magic:  5/5        EV: 14    Int: 12    God:
Gold:   55         SH:  0    Dex: 18    Spells: 0 memorised, 3 levels left

rFire  . . .     SeeInvis +     a - +2 dagger
rCold  . . .     Gourm    .     n - +0 robe
rNeg   . . .     Faith    .     (shield restricted)
rPois  .         Spirit   .     (helmet restricted)
rElec  .         Dismiss  .     d - +0 cloak
rCorr  .         Reflect  .     (gloves unavailable)
SustAt .         Harm     .     (boots unavailable)
MR     .....                    (no amulet)
Stlth  +++++.....               (no ring)
                                q - +3 ring of protection

@: very quick, not resistant to hostile enchantments, quite stealthy
A: unfitting armour, see invisible, herbivore 3, speed 3, slow metabolism 2
a: no special abilities


You were on level 3 of the Dungeon.
You were not hungry.

You visited 1 branch of the dungeon, and saw 3 of its levels.

You collected 55 gold pieces.

Inventory:

Hand Weapons
 a - a +2 dagger (weapon)
 b - a +0 hunting sling
 c - a +0 blowgun
Missiles
 e - 8 poisoned needles
 f - 2 curare-tipped needles
 h - 30 sling bullets
 m - 66 stones (quivered)
 p - 38 arrows
 w - 12 bolts
Armour
 d - a +0 cloak (worn)
 n - a +0 robe (worn)
Jewellery
 q - a +3 ring of protection (left hand)
Scrolls
 k - a scroll of remove curse
 l - a scroll of enchant armour {unknown}
 o - 2 scrolls of teleportation
 t - a scroll of blinking {unknown}
Potions
 i - 2 potions of degeneration {!q}
 r - a potion of heal wounds {unknown}
 s - a potion of lignification {unknown}
 u - a potion of haste {unknown}
 v - a potion of curing {unknown}
Comestibles
 g - 4 bread rations


   Skills:
 - Level 1.5 Fighting
 - Level 2.1 Short Blades
 - Level 2.0 Throwing
 + Level 3.4 Dodging
 - Level 8.1 Stealth


You had 3 spell levels left.
You didn't know any spells.

Dungeon Overview and Level Annotations

Branches:
Dungeon (3/15)

Altars:
Kikubaaqudgha


Innate Abilities, Weirdness & Mutations

You are tiny and cannot use many weapons and most armour.
You have supernaturally acute eyesight.
You are a herbivore.
You cover ground extremely quickly.
You need consume almost no food.


Message History

Read which item? (? for menu, Esc to quit)
Identify which item? (\ to view known items) (? for menu, Esc to quit)
As you read the scroll of identify, it crumbles to dust.
q - a +3 ring of protection Put on which piece of jewellery? (? for menu, Esc to quit)
q - a +3 ring of protection (left hand) Done exploring.
Unknown command.
You start resting.
HP restored.
You climb downwards.
The centaur shoots an arrow.
The arrow hits you!
The centaur shoots an arrow.
The arrow hits you!
Ouch! That really hurt!
* * * LOW HITPOINT WARNING * * *
There is a stone staircase leading up, spattered with blood here.
You see here 2 arrows.
a - a +2 dagger (weapon)
The centaur shoots an arrow.
The arrow completely misses you.
The centaur shoots an arrow.
The arrow hits you.
You die...

##.# ####...### #.##.## ...#####
#...# ########.##.# #......#
#...# #........##†## #.####.#
#...# #.#####..###.## # .......#
#...# #.#####..####.### .......#
#...# #.##......####...
...#...####...###.##(##....# #...
#..#..............(........###..†
#........[......i.......#........
..............c......####..###...
##.########.(.#####.##.....# #...
##.# #...# #.##.##.## #### ##.#
#..÷# #.##.##.# ##.# #...#
#.......#### ...# #>..#
##.#.#.###.### ######## #(..#
#.#.#.......# .......#
#..c######.#.........#


You could see a centaur.

Vanquished Creatures
  3 adders
  3 worms
  3 dart slugs (D:1)
  4 giant geckos
  An orc (D:3)
  A giant cockroach (D:2)
  3 goblins
  3 hobgoblins
  2 jackals (D:1)
  6 kobolds
  A quokka (D:2)
  A ball python (D:3)
  5 bats
  2 giant newts (D:1)
  5 rats
43 creatures vanquished.

Notes
Turn   | Place    | Note
--------------------------------------------------------------
     0 | D:1      | Larett the Spriggan Assassin began the quest for the Orb.
     0 | D:1      | Reached XP level 1. HP: 10/10 MP: 2/2
    47 | D:1      | Reached skill level 6 in Stealth
   132 | D:1      | Reached XP level 2. HP: 14/14 MP: 3/3
   329 | D:1      | HP: 2/14 [kobold/dagger (2)]
   672 | D:1      | Reached skill level 7 in Stealth
  1151 | D:2      | Reached XP level 3. HP: 18/18 MP: 4/4
  1295 | D:2      | Reached skill level 8 in Stealth
  1596 | D:2      | Found an ancient bone altar of Kikubaaqudgha.
  2135 | D:3      | Reached skill level 2 in Dodging
  2343 | D:3      | Reached XP level 4. HP: 17/22 MP: 5/5
  2617 | D:3      | Reached skill level 3 in Dodging
  2643 | D:3      | Noticed a centaur
  2644 | D:3      | HP: 1/22 [centaur/arrow (10)]
  3532 | D:3      | HP: 2/22 [centaur/arrow (13)]
  3534 | D:3      | Shot with an arrow by a centaur

Skill      XL: |  1  2  3  4 |
---------------+-------------+-----
Stealth        | 6 7 8 |  8.1
Dodging        | 2 3 |  3.4
Fighting       | |  1.5
Short Blades   | |  2.1
Throwing       | |  2.0

Action                   |  1- 3 |  4- 6 || total
-------------------------+-------+-------++-------
Melee: Dagger            |   103 |     2 ||   105
 Fire: Blowgun           |     2 |       ||     2
       Hunting sling     |    31 |    25 ||    56
  Use: Scroll            |       |     4 ||     4
 Stab: Sleeping          |    11 |       ||    11
       Distracted        |     1 |       ||     1
Armor: Robe              |     9 |       ||     9
Dodge: Dodged            |    49 |    17 ||    66
